 Dungeon Crawl Stone Soup version 0.23.0 (webtiles) character file.

Game seed: 13986585751100502773

142924 xeno23 the Summoner (level 16, -3/134 HPs)
             Began as a Mummy Summoner on Feb 13, 2019.
             Was an Initiate of Gozag.
             Killed from afar by a thorn hunter (41 damage)
             ... with a volley of thorns
             ... on level 3 of the Swamp.
             The game lasted 04:34:18 (44451 turns).

xeno23 the Summoner (Mummy Summoner)               Turns: 44451, Time: 04:34:19

Health: -3/134     AC: 14    Str: 14    XL:     16   Next: 81%
Magic:  19/34      EV: 21    Int: 21    God:    Gozag
Gold:   5302       SH:  0    Dex: 18    Spells: 11/44 levels left

rFire    . . .     SeeInvis .   b - +5 halberd (freeze)
rCold    + . .     Gourm    .   (shield currently unavailable)
rNeg     + + +     Faith    .   D - +1 troll leather armour
rPois    ∞         Spirit   .   T - +2 helmet
rElec    +         Reflect  .   A - +1 cloak
rCorr    .         Harm     .   C - +0 pair of gloves {Str+3}
MR       ++...                  w - +2 pair of boots {run}
Stlth    +++.......             B - amulet of regeneration
HPRegen  1.12/turn              L - ring "Quckasage" {+Fly rElec Slay+6}
MPRegen  0.24/turn              o - ring of protection from fire

@: agile, about to teleport, gold aura, flying, very slightly contaminated,
invisible, quick
A: no food or potions, fire vulnerability, cold resistance 1, negative energy
resistance 3, torment resistance, unbreathing, in touch with death 1
a: Potion Petition, Call Merchant, Bribe Branch, Renounce Religion


You were on level 3 of the Swamp.
You worshipped Gozag.
Gozag was greatly pleased with you.
You were not hungry.

You visited 5 branches of the dungeon, and saw 28 of its levels.
You also visited: Sewer, Gauntlet and Ice Cave.

You collected 10818 gold pieces.
You spent 1093 gold pieces at shops.
You paid 4423 gold pieces to Gozag.

Inventory:

Hand Weapons
 a - a +3 blowgun
 b - a +5 halberd of freezing (weapon)
 v - the +6 spear of Righteous Fury {pierce, +Blink Int+4}
   (You found it on level 5 of the Dungeon)

   It inflicts extra damage upon your enemies.
   It affects your intelligence (+4).
   It lets you blink.
 E - a +4 scimitar of flaming
 O - the +8 arc blade {discharge, rElec}
   (You found it in an ice cave)

   It insulates you from electricity.
Missiles
 r - 8 needles of sleeping
 u - 52 poisoned needles
 P - 13 javelins of penetration (quivered)
 X - 3 curare-tipped needles
Armour
 w - a +2 pair of boots of running (worn)
 A - a +1 cloak (worn)
 C - a +0 pair of gloves of strength (worn)
 D - a +1 troll leather armour (worn)
 H - a +0 leather armour of fire resistance
 J - the +5 chain mail "Ililou" {rPois rC+ Int+3, unknown}
   (You found it on level 3 of the Swamp)

   It affects your intelligence (+3).
   It protects you from cold.
   It protects you from poison.
 N - the +0 pair of boots "Lir Ror" {+Blink Int+2 SInv}
   (You found it in a Gauntlet)

   It affects your intelligence (+2).
   It lets you see invisible.
   It lets you blink.
 T - a +2 helmet (worn)
Jewellery
 d - an uncursed amulet of magic regeneration
 f - an uncursed amulet of the acrobat
 n - an uncursed ring of wizardry
 o - a ring of protection from fire (right hand)
 t - an uncursed ring of protection from fire
 z - a +2 ring of protection
 B - an amulet of regeneration (around neck)
 F - a +4 ring of dexterity {unknown}
 G - the ring of Oheg {rElec rC+}
   (You acquired it on level 14 of the Dungeon)

   [ring of protection from cold]

   It protects you from cold.
   It insulates you from electricity.
 L - the ring "Quckasage" (left hand) {+Fly rElec Slay+6}
   (You acquired it on level 3 of the Swamp)

   [ring of flight]

   It affects your accuracy and damage with ranged weapons and melee attacks
   (+6).
   It insulates you from electricity.
   It lets you fly.
Wands
 k - a wand of disintegration (5)
 s - a wand of enslavement (3)
 x - a wand of digging (17)
 y - a wand of iceblast (13)
 U - a wand of acid (9)
 V - a wand of polymorph (4)
Scrolls
 c - 8 scrolls of teleportation
 e - 4 scrolls of enchant weapon
 g - 5 scrolls of remove curse
 h - 7 scrolls of fog
 i - 3 scrolls of amnesia
 j - 5 scrolls of magic mapping
 l - 5 scrolls of fear
 m - a scroll of silence
 p - 9 scrolls of identify
 q - a scroll of immolation
 K - 2 scrolls of enchant armour
 W - a scroll of torment
 Y - 2 scrolls of vulnerability
 Z - a scroll of summoning
Miscellaneous
 I - a lightning rod (4/4)
 R - 3 sacks of spiders


   Skills:
 + Level 14.7 Fighting
 - Level 12.0 Polearms
 - Level 6.6 Dodging
 - Level 1.5 Stealth
 + Level 14.7 Spellcasting
 + Level 5.3 Charms
 * Level 14.9 Summonings
 - Level 5.0 Air Magic


You had 11 spell levels left.
You knew the following spells:

 Your Spells              Type           Power        Failure   Level  Hunger
a - Call Imp              Summ           ######..     0%          2    N/A
d - Call Canine Familiar  Summ           ######..     1%          3    N/A
e - Summon Mana Viper     Hex/Summ       #####...     6%          5    N/A
g - Summon Guardian Gole  Hex/Summ       #####...     1%          3    N/A
q - Summon Lightning Spi  Summ/Air       ######..     1%          4    N/A
r - Deflect Missiles      Chrm/Air       #####.....   67%         6    N/A
s - Shadow Creatures      Summ           N/A          1%          6    N/A
w - Summon Ice Beast      Ice/Summ       #####...     2%          4    N/A

Your spell library contained the following spells:

 Spells                   Type           Power        Failure   Level  Hunger
 Summon Small Mammal      Summ           ####         0%          1    N/A
 Recall                   Summ/Tloc      N/A          1%          3    N/A
 Aura of Abjuration       Summ           ######....   1%          5    N/A
 Summon Demon             Summ           ######....   1%          5    N/A
 Poisonous Vapours        Pois/Air       ####..       2%          2    N/A
 Animate Skeleton         Necr           N/A          4%          1    N/A
 Apportation              Tloc           ###...       4%          1    N/A
 Confusing Touch          Hex            ###...       4%          1    N/A
 Corona                   Hex            ###....      4%          1    N/A
 Freeze                   Ice            ###.         4%          1    N/A
 Sting                    Conj/Pois      ###.         4%          1    N/A
 Ozocubu's Armour         Chrm/Ice       ####....     4%          3    N/A
 Summon Forest            Summ/Tloc      #####.....   6%          5    N/A
 Corpse Rot               Necr           N/A          8%          2    N/A
 Ensorcelled Hibernation  Hex/Ice        ###...       8%          2    N/A
 Sticks to Snakes         Tmut           ###.....     8%          2    N/A
 Throw Frost              Conj/Ice       ###...       8%          2    N/A
 Mephitic Cloud           Conj/Pois/Air  ###.....     8%          3    N/A
 Confuse                  Hex            ###.....     16%         3    N/A
 Dazzling Spray           Conj/Hex       ###...       16%         3    N/A
 Gell's Gravitas          Tloc           ###.......   16%         3    N/A
 Tukima's Dance           Hex            ###.....     16%         3    N/A
 Excruciating Wounds      Chrm/Necr      #####.....   43%         5    N/A
 Cause Fear               Hex            ###.......   45%         4    N/A
 Leda's Liquefaction      Hex/Erth       ###.......   45%         4    N/A
 Olgreb's Toxic Radiance  Pois           ###.....     45%         4    N/A
 Petrify                  Tmut/Erth      ###.....     45%         4    N/A
 Throw Icicle             Conj/Ice       ###.....     45%         4    N/A
 Silence                  Hex/Air        ####......   45%         5    N/A
 Agony                    Necr           ###.....     80%         5    N/A
 Bolt of Draining         Conj/Necr      ###.......   80%         5    N/A
 Bolt of Magma            Conj/Fire/Erth ###.......   80%         5    N/A
 Dispel Undead            Necr           ###.....     80%         5    N/A
 Metabolic Englaciation   Hex/Ice        ###.......   80%         5    N/A
 Venom Bolt               Conj/Pois      ###.......   80%         5    N/A
 Yara's Violent Unravell  Hex/Tmut       ###.......   80%         5    N/A
 Death Channel            Necr           ###.......   100%        6    N/A
 Iron Shot                Conj/Erth      ###.......   100%        6    N/A
 Discord                  Hex            ###.......   100%        8    N/A
 Shatter                  Erth           ###.......   100%        9    N/A
 Beastly Appendage        Tmut           Unusable     N/A         1    N/A
 Sublimation of Blood     Necr           Unusable     N/A         2    N/A
 Spider Form              Tmut/Pois      Unusable     N/A         3    N/A
 Ice Form                 Ice/Tmut       Unusable     N/A         4    N/A
 Blade Hands              Tmut           Unusable     N/A         5    N/A
 Statue Form              Tmut/Erth      Unusable     N/A         6    N/A

Dungeon Overview and Level Annotations

Branches:
Dungeon (15/15)            Temple (1/1) D:4            Lair (6/6) D:8
  Swamp (4/4) Lair:4       Spider (0/4) Lair:2        Slime (0/5) Lair:6
    Orc (2/2) D:11            Elf (0/3) Orc:2        Vaults (0/5) D:14
 Depths (0/5) D:15

Altars:
Ashenzari
Cheibriados
Dithmenos
Elyvilon
Fedhas
Gozag
Hepliaklqana
Kikubaaqudgha
Makhleb
Nemelex Xobeh
Okawaru
Qazlal
Ru
Sif Muna
Trog
Uskayaw
Vehumet
Wu Jian
Xom
Yredelemnul
Zin
The Shining One

Shops:
D:6 *   D:15 *   Orc:1 }   Orc:2 *[}=

Annotations:
D:11 1 runed translucent door, bosm's ghost, journeyman KoHu
Lair:5 3 runed translucent doors, Bolunijamo's ghost, journeyman GnFi
Swamp:1 2 transporters


Innate Abilities, Weirdness & Mutations

You do not eat or drink.
Your flesh is vulnerable to fire.
You are immune to poison.
Your flesh is cold resistant. (rC+)
You are immune to negative energy. (rN+++)
You are immune to unholy pain and torment.
You can survive without breathing.
You are in touch with the powers of death.


Message History

Confirm with . or Enter, or press ? or * to list all spells.
Wisps of shadow whirl around you...
The shadows disperse without effect.
The vampire mosquito buzzes angrily.
The spiny frog croaks.
The vampire mosquito becomes distracted by your gold, dreaming of imaginary riches.
As you read the scroll of teleportation, it crumbles to dust.
You feel strangely unstable.
The shambling mangrove becomes distracted by your gold, dreaming of imaginary riches.
A swamp worm comes into view.
The vampire mosquito becomes distracted by your gold, dreaming of imaginary riches.
You fly upwards.
The briar patch crumbles away.
The vampire mosquito is no longer distracted by gold.
The vampire mosquito closely misses you.
The thorn hunter fires a volley of thorns at you.
The volley of thorns hits you!
* * * LOW HITPOINT WARNING * * *
The vampire mosquito completely misses you.
The thorn hunter fires a volley of thorns at you.
The volley of thorns hits you!!!
You die...
Your body crumbles into a pile of gold.

♣♣♣♣≈.≈≈≈≈≈.♣
♣...≈≈≈≈≈≈
♣♣≈≈..≈.≈♣
♣♣...≈≈≈.≈
♣...≈..♣♣♣♣♣♣.....♣♣
♣♣...≈♣.≈.≈♣♣♣♣≈♣♣)≈
♣♣♣♣♣≈.≈.≈♣ ♣♣♣♣≈≈
♣...≈≈.♣♣♣ ♣♣.
♣♣♣♣.≈.≈≈≈♣ ♣♣
...♣.........♣ ♣
≈......y@≈....♣♣♣
♣.≈≈≈≈.≈$...≈≈≈≈≈
♣♣..≈≈.≈P.P§≈≈≈≈≈
♣..≈≈≈PPfy≈≈≈≈≈≈≈ ♣
♣♣≈..≈PP.≈≈≈≈≈..≈
♣♣♣ ....≈..y.≈≈§≈≈.≈
♣≈≈ ≈≈..♣≈≈≈≈≈≈....≈
♣♣≈ ≈≈≈.♣≈≈..≈...♣..
♣♣ .≈ ≈≈≈........≈


You could see a thorn hunter and 3 vampire mosquitoes.

Vanquished Creatures
  Saint Roka (Orc:2)
  Frances (D:13)
  A sphinx (D:14)
  2 thorn hunters (Swamp:3)
  A frost giant (D:14)
  Azrael (D:15)
  A minotaur (Gauntlet)
  An ice dragon (D:15)
  12 hydras
  6 vault guards
  A rakshasa (D:14)
  19 two-headed ogres
  A death knight (D:14)
  A shambling mangrove (Swamp:3)
  10 centaur warriors
  3 ogre magi
  7 alligators
  A tengu warrior (D:15)
  5 death yaks (Lair:5)
  6 skeletal warriors
  An unseen horror (D:15)
  3 swamp dragons
  A swamp dragon (shapeshifter) (D:13)
  A lindwurm (Lair:6)
  10 ugly things
  2 cyclopes
  2 manticores
  A guardian serpent (Lair:5)
  7 elephants
  A gargoyle (D:13)
  2 ice statues (IceCv)
  20 spiny frogs
  3 black mambas
  A kobold demonologist (D:14)
  2 yaktaurs
  5 rime drakes
  7 ice devils (IceCv)
  6 centaur skeletons
  7 komodo dragons
  A tengu conjurer (D:14)
  3 meliai (D:15)
  3 polar bears
  6 trolls
  3 tyrant leeches
  4 bog bodies
  A dream sheep (shapeshifter) (Gauntlet)
  9 hornets
  9 slime creatures
  A wind drake (Lair:6)
  4 blink frogs
  7 hippogriffs
  3 shadows
  5 spriggans
  A centaur simulacrum (D:14)
  7 wraiths
  A redback (Lair:2)
  The ghost of nht the Ruffian, an amateur TrBe of Trog (D:3)
  2 basilisks
  4 wyverns
  A fire elemental (D:15)
  13 yaks
  4 hungry ghosts
  A chaos spawn (Gauntlet)
  A two-headed ogre zombie (D:11)
  18 vampire mosquitoes
  13 swamp worms
  2 acid dragons
  2 hell hounds (D:15)
  A soldier ant (D:12)
  14 insubstantial wisps
  14 water moccasins
  8 porcupines
  12 orc warriors
  6 swamp drakes
  An ice beast (D:10)
  32 ogres
  3 sky beasts
  An eye of draining (D:14)
  A necrophage (D:14)
  3 phantoms
  A small abomination (Gauntlet)
  6 wolves
  19 centaurs
  2 big kobolds
  12 crocodiles
  Blork the orc (D:6)
  18 bullfrogs
  2 wyvern zombies
  A water moccasin zombie (D:11)
  3 troll zombies (D:11)
  5 scorpions
  20 killer bees
  6 electric eels
  8 wights
  5 howler monkeys
  2 quasits
  4 jellies
  10 crimson imps
  4 hounds
  8 orc priests
  2 bullfrog zombies
  8 orc wizards
  2 bullfrog skeletons (D:7)
  3 iguanas
  12 worker ants
  4 ogre zombies (D:11)
  2 river rats (Sewer)
  12 adders
  5 shadow imps
  8 white imps (IceCv)
  4 ufetubi (IceCv)
  3 oozes
  An adder skeleton (D:6)
  2 adder zombies
  A dart slug (D:2)
  8 leopard geckos
  55 orcs
  7 ball pythons (Sewer)
  4 giant cockroaches
  3 hobgoblins
  18 jackals
  8 kobolds
  3 quokkas
  3 bats
  7 frilled lizards
  6 goblins
  4 goblin skeletons (D:11)
  A goblin zombie (D:11)
  2 hobgoblin skeletons (D:11)
  3 hobgoblin zombies (D:11)
  A jackal zombie (D:9)
  3 orc skeletons (D:11)
  12 orc zombies (D:11)
  23 rats
  A briar patch (Swamp:3)
  A fungus (Lair:3)
768 creatures vanquished.

Vanquished Creatures (collateral kills)
  A tengu reaver (D:14)
  Roxanne (Swamp:2)
  A reaper (IceCv)
  Josephine (Orc:2)
  2 ogre magi (Orc:2)
  A great orb of eyes (shapeshifter) (D:14)
  A merfolk avatar (Lair:6)
  2 vault guards
  2 shambling mangroves
  An ice dragon (D:15)
  4 hydras
  A death knight (D:12)
  7 two-headed ogres
  An alligator (Swamp:1)
  A death yak (Lair:5)
  A sea snake (Lair:6)
  3 skeletal warriors (D:14)
  2 swamp dragons (Swamp:2)
  2 unseen horrors
  A phantasmal warrior (D:14)
  2 deep elf magi
  7 ugly things
  2 cyclopes (D:14)
  Joseph (Lair:1)
  4 slime creatures
  Maurice (D:8)
  A manticore (D:11)
  3 elephants
  Psyche (D:9)
  3 spiny frogs
  2 black mambas
  A komodo dragon (Lair:6)
  A yaktaur (shapeshifter) (D:14)
  2 efreet
  4 ice devils (IceCv)
  2 rime drakes
  4 trolls
  2 polar bears
  5 hornets
  A queen bee (D:13)
  5 blink frogs
  Prince Ribbit (D:8)
  A hippogriff (shapeshifter) (Gauntlet)
  3 hippogriffs
  2 bog bodies (Swamp:2)
  A spriggan (Swamp:2)
  2 small abominations (Gauntlet)
  A vampire (D:9)
  A wraith (D:14)
  7 yaks
  A wyvern (D:10)
  2 basilisks
  A neqoxec (Gauntlet)
  4 fire elementals (D:15)
  4 vampire mosquitoes
  2 porcupines (Lair:3)
  A hell hound (D:15)
  A swamp drake (Swamp:2)
  A sky beast (D:9)
  A phantom (D:5)
  3 wolves
  8 ogres
  A centaur (D:7)
  4 crocodiles
  2 bullfrogs
  7 killer bees
  An electric eel (D:8)
  A bullfrog zombie (D:12)
  2 hounds
  2 centaur skeletons
  An iguana (D:14)
  2 worker ants
  A howler monkey skeleton (D:6)
  8 adders
  3 river rats (Sewer)
  A white imp (IceCv)
  2 ufetubi (IceCv)
  2 worms
  5 orcs
  2 giant cockroaches (D:3)
  2 goblins
  2 hobgoblins (D:1)
  A jackal (D:3)
  3 kobolds
  A quokka (D:3)
  5 ball pythons (Sewer)
  10 rats
209 creatures vanquished.

Vanquished Creatures (others)
  An ugly thing (D:14)
  2 white imps (IceCv)
  2 ufetubi (IceCv)
  3 briar patches (Swamp:3)
  3 bushes (D:14)
  13 fungi
  4 plants (Lair:6)
28 creatures vanquished.

Grand Total: 1005 creatures vanquished

Notes
Turn   | Place    | Note
-------+----------+-------------------------------------------
     0 | D:1      | xeno23 the Mummy Summoner began the quest for the Orb.
     0 | D:1      | Reached XP level 1. HP: 13/13 MP: 4/4
   571 | D:1      | Reached XP level 2. HP: 8/20 MP: 0/5
   575 | D:1      | Learned a level 2 spell: Call Imp
  1803 | D:1      | Reached skill level 1 in Fighting
  2188 | D:2      | Reached XP level 3. HP: 11/26 MP: 5/7
  3141 | D:2      | Learned a level 3 spell: Call Canine Familiar
  3262 | D:2      | Reached XP level 4. HP: 11/32 MP: 5/9
  4060 | D:3      | Noticed nht's ghost (amateur TrBe)
  4061 | D:3      | Found a transporter.
  4115 | D:3      | Found a transporter.
  4278 | D:3      | Found a glowing drain.
  4284 | Sewer    | Entered a sewer
  4844 | Sewer    | Reached XP level 5. HP: 35/38 MP: 4/10
  6289 | Sewer    | Reached XP level 6. HP: 36/46 MP: 7/12
  7021 | D:4      | Found a staircase to the Ecumenical Temple.
  7034 | Temple   | Entered the Ecumenical Temple
  7128 | Temple   | Became a worshipper of Gozag Ym Sagoz the Greedy
  7393 | D:4      | Found an iron altar of Okawaru.
  7824 | D:5      | Entered Level 5 of the Dungeon
  8226 | D:5      | Reached skill level 5 in Summonings
  8575 | D:5      | Reached XP level 7. HP: 43/52 MP: 14/14
  8642 | D:5      | Learned a level 4 spell: Summon Ice Beast
  8647 | D:5      | Learned a level 4 spell: Summon Lightning Spire
  8731 | D:5      | Found a blossoming altar of Fedhas.
  8768 | D:5      | Got a pitted spear
  8769 | D:5      | Identified the +6 spear of Righteous Fury {pierce, +Blink
                  | Int+4} (You found it on level 5 of the Dungeon)
  9198 | D:6      | Reached skill level 5 in Spellcasting
  9225 | D:6      | Found Zunt's Assorted Antiques.
  9231 | D:6      | Bought a lead wand for 96 gold pieces
  9255 | D:6      | Found a snail-covered altar of Cheibriados.
  9255 | D:6      | Found a shattered altar of Ashenzari.
  9330 | D:6      | Reached skill level 1 in Polearms
  9365 | D:6      | Noticed Blork the orc
 10513 | D:7      | Found a hide-covered altar of Uskayaw.
 10550 | D:7      | Noticed a troll
 10803 | D:7      | Reached XP level 8. HP: 42/60 MP: 16/16
 11127 | D:7      | Killed a troll
 11403 | D:7      | Noticed a slime creature
 11411 | D:7      | Noticed a hippogriff
 11433 | D:7      | Killed a hippogriff
 11440 | D:7      | Killed a slime creature
 11756 | D:7      | Noticed a hippogriff
 11782 | D:7      | Killed a hippogriff
 12849 | D:6      | Killed Blork the orc
 13070 | D:8      | Reached XP level 9. HP: 40/66 MP: 18/18
 13211 | D:8      | Got a scorched rapier
 13212 | D:8      | Identified the +6 rapier of Darkness {freeze, rN++} (You
                  | found it on level 8 of the Dungeon)
 13235 | D:8      | Noticed Prince Ribbit
 13249 | D:8      | Killed Prince Ribbit
 13360 | D:8      | Noticed Maurice
 13479 | D:8      | Killed Maurice
 13819 | D:8      | Found a staircase to the Lair.
 13819 | D:8      | Noticed an elephant
 13852 | D:8      | Reached skill level 5 in Fighting
 14014 | D:7      | Learned a level 3 spell: Summon Guardian Golem
 14050 | D:8      | Killed an elephant
 14183 | Lair:1   | Entered Level 1 of the Lair of Beasts
 14198 | D:8      | Reached skill level 5 in Polearms
 14234 | D:8      | Found a deep blue altar of Sif Muna.
 14536 | Lair:1   | Noticed a spiny frog
 14604 | D:8      | Reached skill level 5 in Dodging
 14604 | D:8      | Reached XP level 10. HP: 38/74 MP: 5/21
 14605 | D:8      | Killed a spiny frog
 14738 | Lair:1   | Noticed Joseph
 14741 | Lair:1   | Noticed a spiny frog
 14744 | Lair:1   | Noticed a black mamba
 14807 | Lair:1   | Noticed a seven-headed hydra
 14808 | Lair:1   | Noticed a spiny frog
 15042 | D:8      | Killed a black mamba
 15172 | D:9      | Noticed Psyche
 15307 | D:9      | Killed Psyche
 15655 | D:9      | Found a shimmering altar of Xom.
 16344 | D:10     | Entered Level 10 of the Dungeon
 16525 | D:10     | Noticed a two-headed ogre
 16935 | D:10     | Killed a two-headed ogre
 17345 | D:11     | Found a staircase to the Orcish Mines.
 17602 | D:10     | Reached XP level 11. HP: 48/83 MP: 23/23
 18402 | D:10     | You fall through a shaft for 2 floors!
 18403 | D:12     | Noticed a brown ugly thing
 18430 | D:12     | Killed an unseen horror
 18442 | D:12     | Killed a brown ugly thing
 18452 | D:12     | Noticed a deep elf mage
 18465 | D:12     | Killed a deep elf mage
 18627 | D:12     | Noticed a brown ugly thing
 18641 | D:12     | Killed a brown ugly thing
 18718 | D:12     | Noticed a skeletal warrior
 19140 | D:12     | Killed a skeletal warrior
 19296 | D:12     | Noticed a four-headed hydra
 19316 | D:12     | Killed a one-headed hydra
 19657 | D:11     | Found a runed translucent door.
 19667 | D:11     | Noticed bosm's ghost (journeyman KoHu)
 20407 | D:11     | Noticed a brown ugly thing
 20444 | D:11     | Killed a brown ugly thing
 20529 | D:11     | Noticed a skeletal warrior
 20558 | D:11     | Killed a skeletal warrior
 20824 | D:3      | Killed nht's ghost
 21013 | Orc:1    | Entered Level 1 of the Orcish Mines
 21364 | Orc:2    | Entered Level 2 of the Orcish Mines
 21365 | Orc:2    | Noticed Saint Roka
 21400 | Orc:1    | Reached XP level 12. HP: 76/91 MP: 25/25
 21435 | Orc:1    | Found Gajitw Alie's Gadget Emporium.
 22242 | D:12     | Reached skill level 10 in Summonings
 22293 | D:12     | Noticed a death knight
 22440 | D:12     | Killed a death knight
 22702 | D:8      | Reached skill level 10 in Spellcasting
 22923 | Lair:1   | Killed Joseph
 23102 | Lair:1   | Killed a seven-headed hydra
 23747 | Lair:2   | Found a hole to the Spider Nest.
 24658 | Lair:3   | Found a gate leading to a gauntlet.
 24669 | Gauntlet | Entered a Gauntlet
 24669 | Gauntlet | Found a large runed translucent door.
 24669 | Gauntlet | Found a large runed translucent door.
 24669 | Gauntlet | Found a large runed translucent door.
 24669 | Gauntlet | Found a large runed translucent door.
 24669 | Gauntlet | Found a large runed translucent door.
 24669 | Gauntlet | Found a large runed translucent door.
 24669 | Gauntlet | Found a runed translucent door.
 24669 | Gauntlet | Found a transporter.
 24669 | Gauntlet | Found a transporter.
 24669 | Gauntlet | Found a runed translucent door.
 24669 | Gauntlet | Found a large runed translucent door.
 24669 | Gauntlet | Found a large runed translucent door.
 24669 | Gauntlet | Found a large runed translucent door.
 24669 | Gauntlet | Found a large runed translucent door.
 24669 | Gauntlet | Found a large runed translucent door.
 24669 | Gauntlet | Found a large runed translucent door.
 24673 | Gauntlet | Found a transporter.
 24673 | Gauntlet | Found a transporter.
 24674 | Gauntlet | Found a large runed translucent door.
 24674 | Gauntlet | Found a large runed translucent door.
 24674 | Gauntlet | Found a large runed translucent door.
 24674 | Gauntlet | Found a large runed translucent door.
 24678 | Gauntlet | Found a runed translucent gate.
 24678 | Gauntlet | Found a runed translucent gate.
 24678 | Gauntlet | Found a runed translucent gate.
 24685 | Gauntlet | Found a transporter.
 24693 | Gauntlet | Found a transporter.
 24693 | Gauntlet | Found a transporter.
 24717 | Gauntlet | Found a transporter.
 24724 | Gauntlet | Found a transporter.
 24736 | Gauntlet | Found a transporter.
 24766 | Gauntlet | Found a transporter.
 24811 | Gauntlet | Found a transporter.
 24825 | Gauntlet | Found a transporter.
 24915 | Gauntlet | Found a transporter.
 24925 | Gauntlet | Found a transporter.
 24941 | Gauntlet | Found a transporter.
 25199 | Gauntlet | Noticed an anaconda
 25200 | Gauntlet | Noticed a satyr
 25200 | Gauntlet | an anaconda changed into a satyr
 25201 | Gauntlet | Noticed an alligator
 25201 | Gauntlet | a satyr changed into an alligator
 25202 | Gauntlet | an alligator changed into something unseen
 25202 | Gauntlet | Noticed an anaconda
 25203 | Gauntlet | Noticed a satyr
 25203 | Gauntlet | an anaconda changed into a satyr
 25205 | Gauntlet | Noticed an ettin
 25205 | Gauntlet | a torpor snail changed into an ettin
 25208 | Gauntlet | Noticed a great orb of eyes
 25213 | Gauntlet | Noticed a queen ant
 25213 | Gauntlet | a great orb of eyes changed into a queen ant
 25226 | Gauntlet | Noticed a satyr
 25226 | Gauntlet | a queen ant changed into a satyr
 25232 | Gauntlet | Noticed an anaconda
 25232 | Gauntlet | a satyr changed into an anaconda
 25234 | Gauntlet | an anaconda changed into an eye of devastation
 25272 | Gauntlet | Learned a level 6 spell: Shadow Creatures
 25278 | Gauntlet | Learned a level 5 spell: Summon Mana Viper
 25393 | Gauntlet | Noticed a great orb of eyes
 25465 | Gauntlet | Noticed an anaconda
 25465 | Gauntlet | a great orb of eyes changed into an anaconda
 25467 | Gauntlet | an anaconda changed into a torpor snail
 25485 | Gauntlet | Noticed a two-headed ogre
 25485 | Gauntlet | a faun changed into a two-headed ogre
 25486 | Gauntlet | a two-headed ogre changed into a shining eye
 25523 | Gauntlet | Noticed an emperor scorpion
 25536 | Gauntlet | Noticed an emperor scorpion
 25541 | Gauntlet | Got a pair of spiked boots
 25545 | Gauntlet | Noticed a death yak
 25547 | Gauntlet | Noticed a catoblepas
 25547 | Gauntlet | a death yak changed into a catoblepas
 25551 | Gauntlet | Noticed an entropy weaver
 25551 | Gauntlet | a catoblepas changed into an entropy weaver
 25556 | Gauntlet | Noticed a satyr
 25556 | Gauntlet | an entropy weaver changed into a satyr
 25557 | Gauntlet | Noticed an anaconda
 25557 | Gauntlet | a satyr changed into an anaconda
 25558 | Gauntlet | Noticed an ice dragon
 25558 | Gauntlet | an anaconda changed into an ice dragon
 25559 | Gauntlet | Identified the cursed +0 pair of boots "Lir Ror" {+Blink
                  | Int+2 SInv} (You found it in a Gauntlet)
 25562 | Gauntlet | an ice dragon changed into a deep troll
 25612 | Gauntlet | Noticed an anaconda
 25679 | Gauntlet | Noticed a minotaur
 25883 | Gauntlet | Noticed a fire dragon
 25889 | Gauntlet | Noticed an entropy weaver
 25889 | Gauntlet | a fire dragon changed into an entropy weaver
 25901 | Gauntlet | Noticed a purple draconian
 25905 | Gauntlet | Noticed a queen ant
 25905 | Gauntlet | a purple draconian changed into a queen ant
 25915 | Gauntlet | Noticed an entropy weaver
 25915 | Gauntlet | Noticed a minotaur
 25915 | Gauntlet | an entropy weaver changed into a minotaur
 25919 | Gauntlet | Noticed an ice dragon
 25919 | Gauntlet | a minotaur changed into an ice dragon
 25931 | Gauntlet | Noticed a spark wasp
 25932 | Gauntlet | a spark wasp changed into a wolf spider
 25947 | Gauntlet | Noticed an ice dragon
 25947 | Gauntlet | Noticed an alligator
 25947 | Gauntlet | an ice dragon changed into an alligator
 25948 | Gauntlet | an alligator changed into a deep troll
 26017 | Gauntlet | Noticed an anaconda
 26017 | Gauntlet | a merfolk changed into an anaconda
 26021 | Gauntlet | Noticed an ettin
 26021 | Gauntlet | an anaconda changed into an ettin
 26037 | Gauntlet | Noticed an entropy weaver
 26042 | Gauntlet | Noticed a fire dragon
 26042 | Gauntlet | an entropy weaver changed into a fire dragon
 26125 | Gauntlet | Noticed an anaconda
 26125 | Gauntlet | a wolf spider changed into an anaconda
 26180 | Gauntlet | Noticed a ghost moth
 26182 | Gauntlet | Noticed an ice dragon
 26182 | Gauntlet | a ghost moth changed into an ice dragon
 26187 | Gauntlet | Noticed an anaconda
 26187 | Gauntlet | an ice dragon changed into an anaconda
 26198 | Gauntlet | Noticed an alligator
 26199 | Gauntlet | Noticed a satyr
 26199 | Gauntlet | an alligator changed into a satyr
 26204 | Gauntlet | Noticed a seven-headed hydra
 26204 | Gauntlet | a satyr changed into a seven-headed hydra
 26214 | Gauntlet | Noticed a minotaur
 26221 | Gauntlet | Noticed a storm dragon
 26221 | Gauntlet | a minotaur changed into a storm dragon
 26236 | Gauntlet | Noticed a fire dragon
 26239 | Gauntlet | Noticed a queen ant
 26239 | Gauntlet | a fire dragon changed into a queen ant
 26241 | Gauntlet | Noticed a ghost moth
 26241 | Gauntlet | a queen ant changed into a ghost moth
 26252 | Gauntlet | Noticed a death yak
 26252 | Gauntlet | Noticed an entropy weaver
 26253 | Gauntlet | Noticed a ghost moth
 26253 | Gauntlet | a death yak changed into a ghost moth
 26254 | Gauntlet | Noticed an ettin
 26254 | Gauntlet | a ghost moth changed into an ettin
 26256 | Gauntlet | Noticed a satyr
 26256 | Gauntlet | an ettin changed into a satyr
 26262 | Gauntlet | Noticed an anaconda
 26262 | Gauntlet | a satyr changed into an anaconda
 26264 | Gauntlet | an anaconda changed into a swamp worm
 26276 | Gauntlet | Noticed an anaconda
 26276 | Gauntlet | Noticed a death yak
 26277 | Gauntlet | Noticed a great orb of eyes
 26277 | Gauntlet | an anaconda changed into a great orb of eyes
 26283 | Gauntlet | Noticed an emperor scorpion
 26283 | Gauntlet | a great orb of eyes changed into an emperor scorpion
 26293 | Gauntlet | Noticed a queen ant
 26295 | Gauntlet | Noticed a storm dragon
 26295 | Gauntlet | a queen ant changed into a storm dragon
 26298 | Gauntlet | Noticed a queen ant
 26298 | Gauntlet | a storm dragon changed into a queen ant
 26299 | Gauntlet | Noticed a spark wasp
 26299 | Gauntlet | a queen ant changed into a spark wasp
 26311 | Gauntlet | Noticed a great orb of eyes
 26311 | Gauntlet | a tyrant leech changed into a great orb of eyes
 26327 | Gauntlet | Noticed a catoblepas
 26327 | Gauntlet | Noticed a queen ant
 26327 | Gauntlet | Noticed an eight-headed hydra
 26327 | Gauntlet | a queen ant changed into an eight-headed hydra
 26343 | Gauntlet | Noticed an azure jelly
 26345 | Gauntlet | Noticed a fire giant
 26345 | Gauntlet | an azure jelly changed into a fire giant
 26359 | Gauntlet | Noticed an alligator snapping turtle
 26359 | Gauntlet | a fire giant changed into an alligator snapping turtle
 26375 | Gauntlet | Noticed a stone giant
 26378 | Gauntlet | Noticed a frost giant
 26378 | Gauntlet | a stone giant changed into a frost giant
 26381 | Gauntlet | Noticed a fire giant
 26381 | Gauntlet | a frost giant changed into a fire giant
 26391 | Gauntlet | Noticed a queen ant
 26394 | Gauntlet | Noticed a storm dragon
 26394 | Gauntlet | an eight-headed hydra changed into a storm dragon
 26396 | Gauntlet | Noticed a spark wasp
 26396 | Gauntlet | a queen ant changed into a spark wasp
 26404 | Gauntlet | Noticed an emperor scorpion
 26404 | Gauntlet | a spark wasp changed into an emperor scorpion
 26429 | Gauntlet | Noticed an azure jelly
 26430 | Gauntlet | Noticed a catoblepas
 26430 | Gauntlet | an azure jelly changed into a catoblepas
 26432 | Gauntlet | Noticed a ghost moth
 26432 | Gauntlet | a catoblepas changed into a ghost moth
 26434 | Gauntlet | Noticed an emperor scorpion
 26434 | Gauntlet | a ghost moth changed into an emperor scorpion
 26448 | Gauntlet | Noticed a minotaur
 26448 | Gauntlet | an emperor scorpion changed into a minotaur
 26450 | Gauntlet | Noticed a death yak
 26450 | Gauntlet | a minotaur changed into a death yak
 26451 | Gauntlet | Noticed an entropy weaver
 26451 | Gauntlet | a death yak changed into an entropy weaver
 26457 | Gauntlet | Noticed a ghost moth
 26457 | Gauntlet | an entropy weaver changed into a ghost moth
 26460 | Gauntlet | Noticed a queen ant
 26460 | Gauntlet | a ghost moth changed into a queen ant
 26461 | Gauntlet | Noticed an entropy weaver
 26461 | Gauntlet | a queen ant changed into an entropy weaver
 26462 | Gauntlet | Noticed an emperor scorpion
 26462 | Gauntlet | an entropy weaver changed into an emperor scorpion
 26472 | Gauntlet | Noticed a ghost moth
 26472 | Gauntlet | an emperor scorpion changed into a ghost moth
 26498 | Gauntlet | Noticed a death yak
 26499 | Gauntlet | Noticed a frost giant
 26501 | Gauntlet | Noticed a quicksilver dragon
 26501 | Gauntlet | a frost giant changed into a quicksilver dragon
 26503 | Gauntlet | Noticed a sphinx
 26503 | Gauntlet | a quicksilver dragon changed into a sphinx
 26514 | Gauntlet | Noticed a shadow dragon
 26514 | Gauntlet | a sphinx changed into a shadow dragon
 26519 | Gauntlet | Noticed an alligator snapping turtle
 26519 | Gauntlet | a shadow dragon changed into an alligator snapping turtle
 26530 | Gauntlet | Noticed a fire giant
 26534 | Gauntlet | Noticed an iron giant
 26534 | Gauntlet | a fire giant changed into an iron giant
 26535 | Gauntlet | Noticed an iron dragon
 26535 | Gauntlet | an iron giant changed into an iron dragon
 26546 | Gauntlet | Noticed an iron dragon
 26562 | Gauntlet | Noticed a frost giant
 26578 | Gauntlet | Noticed an azure jelly
 26579 | Gauntlet | Noticed a quicksilver dragon
 26579 | Gauntlet | an azure jelly changed into a quicksilver dragon
 26588 | Gauntlet | a quicksilver dragon changed into an iron troll
 26603 | Gauntlet | Noticed a dire elephant
 26604 | Gauntlet | Noticed a stone giant
 26604 | Gauntlet | a dire elephant changed into a stone giant
 26609 | Gauntlet | Noticed a dire elephant
 26609 | Gauntlet | a stone giant changed into a dire elephant
 26611 | Gauntlet | Noticed a catoblepas
 26611 | Gauntlet | a dire elephant changed into a catoblepas
 26612 | Gauntlet | Noticed a ghost moth
 26612 | Gauntlet | a catoblepas changed into a ghost moth
 26613 | Gauntlet | Noticed a fire dragon
 26613 | Gauntlet | a ghost moth changed into a fire dragon
 26619 | Gauntlet | Noticed a great orb of eyes
 26619 | Gauntlet | a fire dragon changed into a great orb of eyes
 26623 | Gauntlet | Noticed an alligator
 26623 | Gauntlet | a great orb of eyes changed into an alligator
 26624 | Gauntlet | Noticed a queen ant
 26624 | Gauntlet | an alligator changed into a queen ant
 26631 | Gauntlet | Noticed a great orb of eyes
 26631 | Gauntlet | a queen ant changed into a great orb of eyes
 26637 | Gauntlet | a great orb of eyes changed into a faun
 26640 | Gauntlet | Noticed an eight-headed hydra
 26640 | Gauntlet | a death yak changed into an eight-headed hydra
 26651 | Gauntlet | Noticed a storm dragon
 26651 | Gauntlet | an eight-headed hydra changed into a storm dragon
 26652 | Gauntlet | Noticed a dire elephant
 26652 | Gauntlet | a storm dragon changed into a dire elephant
 26681 | Gauntlet | Killed a minotaur
 26888 | Lair:3   | Noticed an eight-headed hydra
 26912 | Lair:3   | Killed an eight-headed hydra
 26912 | Lair:3   | Gained mutation: You are in touch with the powers of death.
                  | [Mummy growth]
 26912 | Lair:3   | Reached XP level 13. HP: 99/99 MP: 2/27
 27571 | Lair:4   | Found a staircase to the Swamp.
 27581 | Lair:4   | Found a frozen archway.
 27637 | IceCv    | Entered an ice cave
 28213 | IceCv    | Reached skill level 10 in Polearms
 29098 | IceCv    | Noticed a reaper
 29114 | IceCv    | Killed a reaper
 29197 | IceCv    | Found the +8 arc blade {discharge, rElec}
 29780 | Lair:4   | Got a jewelled leather armour
 29791 | Lair:4   | Identified the +1 leather armour of Alooriz {Dex+3} (You
                  | found it on level 4 of the Lair of Beasts)
 30483 | Lair:5   | Noticed Nessos
 30490 | Lair:5   | Noticed Nessos
 30490 | Lair:5   | Nessos changed into Nessos the guardian serpent
 30496 | Lair:5   | Killed Nessos the guardian serpent
 30638 | Lair:5   | Reached skill level 10 in Fighting
 30708 | Lair:5   | You fall through a shaft!
 30708 | Lair:6   | Entered Level 6 of the Lair of Beasts
 30752 | Lair:5   | Found a runed translucent gate.
 30753 | Lair:5   | Found a runed translucent gate.
 30754 | Lair:5   | Found a runed translucent gate.
 30793 | Lair:5   | Noticed Bolunijamo's ghost (journeyman GnFi)
 32050 | Lair:6   | Identified a scroll of acquirement
 32162 | Lair:6   | Reached XP level 14. HP: 95/111 MP: 21/29
 32852 | Lair:6   | Found a staircase to the Slime Pits.
 33367 | Orc:2    | Killed Saint Roka
 33750 | Orc:2    | Noticed Josephine
 33772 | Orc:2    | Killed Josephine
 33806 | Orc:2    | Found a staircase to the Elven Halls.
 34149 | Orc:2    | Found Zumeyj's Armour Shop.
 34503 | Orc:2    | Found Gilub's Assorted Antiques.
 34504 | Orc:2    | Found Ileittoc's Jewellery Shoppe.
 34504 | Orc:2    | Found Siceqofep's Gadget Shop.
 34531 | Orc:2    | Bought an uncursed ring of protection from fire for 375
                  | gold pieces
 34533 | Orc:2    | Bought a +2 pair of boots of running for 622 gold pieces
 34973 | D:13     | Got a pair of fine boots
 34984 | D:13     | Identified the +1 pair of boots of Gef Ofut {+Blink rElec
                  | Int+5 Slay-5} (You found it on level 13 of the Dungeon)
 35470 | D:13     | Noticed Frances
 35484 | D:13     | Killed Frances
 35536 | D:13     | Got an encrusted buckler
 35537 | D:13     | Identified the +2 buckler of the Doldrums {MP-9 Str+2
                  | Int+4} (You acquired it on level 13 of the Dungeon)
 35795 | D:13     | Learned a level 6 spell: Deflect Missiles
 35837 | D:14     | Reached XP level 15. HP: 113/122 MP: 32/32
 35957 | D:14     | Got a fine bone ring
 35959 | D:14     | Identified the ring of Oheg {rElec rC+} (You acquired it on
                  | level 14 of the Dungeon)
 36120 | D:14     | Got an ivory hand axe
 36121 | D:14     | Identified the +5 hand axe "Usaf Voi" {chop, *Slow +Fly rC+
                  | rN+++} (You found it on level 14 of the Dungeon)
 36204 | D:14     | Reached skill level 1 in Charms
 36204 | D:14     | Reached skill level 1 in Air Magic
 36618 | D:14     | Found a white marble altar of Elyvilon.
 37764 | D:14     | Noticed a tengu reaver
 37766 | D:14     | Noticed a sphinx
 37772 | D:14     | Noticed a frost giant
 37788 | D:14     | Killed a frost giant
 37808 | D:14     | Identified the Reference Book on Frigorific Darkness
 37882 | D:14     | Killed a sphinx
 38237 | D:14     | Killed a tengu reaver
 38367 | D:14     | Found a gate to the Vaults.
 38493 | D:15     | Entered Level 15 of the Dungeon
 39478 | D:15     | Noticed Azrael
 39492 | D:15     | Killed Azrael
 39705 | D:15     | Reached XP level 16. HP: 94/132 MP: 23/33
 40269 | D:15     | Found Yjemoysial's General Store.
 40440 | D:15     | Found a staircase to the Depths.
 40970 | Swamp:1  | Entered Level 1 of the Swamp
 41229 | Swamp:1  | Found a transporter.
 41525 | Swamp:1  | Got an ominously black robe
 41536 | Swamp:1  | Identified the +1 robe of Integrity {rPois Str+3} (You
                  | found it on level 1 of the Swamp)
 41775 | Swamp:1  | Found a transporter.
 42624 | Swamp:2  | Noticed Roxanne
 42643 | Swamp:2  | Killed Roxanne
 43283 | Swamp:3  | Noticed a thorn hunter
 43306 | Swamp:3  | Killed a thorn hunter
 43366 | Swamp:3  | Got a slimy ivory ring
 43389 | Swamp:3  | Identified the ring "Quckasage" {+Fly rElec Slay+6} (You
                  | acquired it on level 3 of the Swamp)
 43424 | Swamp:3  | Reached skill level 5 in Air Magic
 43519 | Swamp:2  | Reached skill level 5 in Charms
 43691 | Swamp:3  | Noticed a thorn hunter
 44081 | Swamp:3  | Killed a thorn hunter
 44300 | Swamp:3  | Got a polished chain mail
 44435 | Swamp:3  | Noticed a thorn hunter
 44446 | Swamp:4  | Entered Level 4 of the Swamp
 44451 | Swamp:3  | Killed from afar by a thorn hunter

Skill      XL: |  1  2  3  4  5  6  7  8  9 10 11 12 13 14 15 16 |
---------------+-------------------------------------------------+-----
Spellcasting   | 3 4 5 6 7 8 9 10 11 13 14 | 14.7
Fighting       | 1 2 3 4 5 6 7 8 10 12 13 14 | 14.7
Dodging        | 2 3 4 5 6 |  6.6
Summonings     | 4 5 6 7 8 9 10 12 13 14 | 14.9
Polearms       | 2 3 5 6 8 9 11 12 | 12.0
Charms         | 3 5 |  5.3
Air Magic      | 3 5 |  5.0
Stealth        | |  1.5

Action                   |  1- 3 |  4- 6 |  7- 9 | 10-12 | 13-15 | 16-18 || total
-------------------------+-------+-------+-------+-------+-------+-------++-------
Melee: Dagger            |   178 |   272 |       |       |       |       ||   450
       Unarmed           |     3 |       |       |       |       |       ||     3
       Morningstar       |       |    65 |     5 |       |       |       ||    70
       Spear             |       |    23 |   313 |   822 |    26 |       ||  1184
       Halberd           |       |       |       |   424 |  1470 |   567 ||  2461
       Hand axe          |       |       |       |     5 |       |       ||     5
       Glaive            |       |       |       |       |   104 |       ||   104
       Rapier            |       |       |       |       |    16 |       ||    16
       Scimitar          |       |       |       |       |       |    49 ||    49
Throw: Javelin           |       |       |       |     6 |    13 |     3 ||    22
 Cast: Summon Small Mamm |     9 |     1 |       |       |       |       ||    10
       Call Imp          |    14 |     6 |     1 |       |       |       ||    21
       Call Canine Famil |     1 |    26 |     9 |    29 |     9 |     1 ||    75
       Summon Ice Beast  |       |       |    28 |    93 |    64 |    21 ||   206
       Shadow Creatures  |       |       |       |    22 |    10 |     5 ||    37
       Summon Mana Viper |       |       |       |    14 |    85 |    15 ||   114
       Summon Guardian G |       |       |       |       |     1 |       ||     1
       Deflect Missiles  |       |       |       |       |       |     2 ||     2
Invok: Potion Petition   |       |       |       |     3 |     5 |     1 ||     9
 Abil: Evoke Blink       |       |       |     2 |    18 |       |       ||    20
       Evoke Flight      |       |       |       |       |       |     2 ||     2
Evoke: Wand              |       |       |     7 |    11 |     7 |       ||    25
       Lightning rod     |       |       |       |     6 |     2 |       ||     8
  Use: Scroll            |       |     8 |     7 |     8 |    17 |     3 ||    43
 Stab: Sleeping          |     1 |     4 |    10 |     4 |     7 |     1 ||    27
       Distracted        |       |     3 |     2 |    10 |    15 |     5 ||    35
       Invisible         |       |       |       |     1 |     1 |       ||     2
       Confused          |       |       |       |       |       |     2 ||     2
Armor: Robe              |    30 |    48 |    25 |    15 |       |       ||   118
       Troll leather arm |       |       |       |   182 |   296 |   222 ||   700
Dodge: Dodged            |   124 |   344 |   176 |   665 |  1103 |   429 ||  2841
       Deflected         |       |       |       |    12 |    64 |    25 ||   101
       Rpst.: Scimitar   |       |       |       |       |       |    18 ||    18
